 Dungeon Crawl Stone Soup version 0.26-a0-259-g1effd001a9 (webtiles) character file.

Game seed: 1009226715318979727

4923 Space443 the Carver (level 10, -16/90 HPs)
             Began as a Minotaur Berserker on July 17, 2020.
             Was a High Priest of Trog.
             Demolished by Psyche
             ... wielding a +1 dagger of distortion
              (18 damage)
             ... on level 10 of the Dungeon.
             The game lasted 00:47:34 (10200 turns).

Space443 the Carver (Minotaur Berserker)           Turns: 10200, Time: 00:47:34

Health: -16/90     AC: 13    Str: 29    XL:     10   Next: 27%
Magic:  9/9        EV:  9    Int: 12    God:    Trog [*****.]
Gold:   586        SH:  0    Dex: 10    Spells: 9/9 levels left

rFire    . . .     SeeInvis .   H - +4 scimitar
rCold    . . .     Faith    .   (no shield)
rNeg     . . .     Spirit   .   o - +0 chain mail
rPois    .         Reflect  .   (helmet restricted)
rElec    .         Harm     +   L - scarf {harm}
rCorr    .                      E - +1 pair of gloves
MR       .....                  w - +0 pair of boots
Stlth    ..........             (no amulet)
HPRegen  0.25/turn              e - +6 ring of intelligence
MPRegen  0.11/turn              s - +6 ring of strength

@: hasted, drained, very quick
A: retaliatory headbutt, horns 2
a: Berserk, Trog's Hand, Brothers in Arms, Renounce Religion


You were on level 10 of the Dungeon.
You worshipped Trog.
Trog was extremely pleased with you.
You were not hungry.

You visited 1 branch of the dungeon, and saw 10 of its levels.
You visited the Abyss 1 time.

You collected 586 gold pieces.

Inventory:

Hand Weapons
 D - a +0 great sword
   (You took it off a wight on level 9 of the Dungeon)
 H - a +4 scimitar (weapon)
   (You took it off a wight on level 8 of the Dungeon)
Missiles
 m - 4 atropa-tipped darts
 q - 11 boomerangs (quivered)
 C - 25 poisoned darts
Armour
 o - a +0 chain mail (worn)
   (You took it off an orc warrior on level 7 of the Dungeon)
 w - a +0 pair of boots (worn)
   (You found it on level 3 of the Dungeon)
 E - a +1 pair of gloves (worn)
   (You found it on level 5 of the Dungeon)
 F - a +0 buckler
   (You found it on level 6 of the Dungeon)
 L - a scarf of harm (worn)
   (You found it on level 9 of the Dungeon)
Jewellery
 e - a +6 ring of intelligence (left hand)
   (You found it on level 7 of the Dungeon)
 s - a +6 ring of strength (right hand)
   (You found it on level 2 of the Dungeon)
 J - an uncursed amulet of regeneration {unknown}
   (You found it on level 8 of the Dungeon)
Wands
 d - a wand of iceblast (9)
   (You found it on level 5 of the Dungeon)
 t - a wand of flame (52)
   (You found it on level 6 of the Dungeon)
 u - a wand of paralysis (8)
   (You found it on level 8 of the Dungeon)
 v - a wand of digging (3)
   (You found it on level 8 of the Dungeon)
Scrolls
 g - 2 scrolls of enchant weapon
 h - 5 scrolls of identify {@r1}
 j - a scroll of noise {!r}
 k - 3 scrolls of remove curse {@r2}
 l - 2 scrolls of immolation {!r}
 y - a scroll of teleportation {@r4}
 K - a scroll of amnesia {unknown}
 M - a scroll of enchant armour {unknown}
Potions
 a - 2 potions of ambrosia
 b - a potion of magic {unknown}
 f - a potion of berserk rage {unknown}
 n - a potion of brilliance {unknown}
 p - 2 potions of heal wounds {unknown}
 r - 4 potions of cancellation
 x - 4 potions of curing {@q1}
 z - 4 potions of mutation {!q}
 B - 3 potions of flight
 G - a potion of stabbing
 I - a potion of might
Comestibles
 c - 25 rations {!d}


   Skills:
 - Level 8.4(7.3) Fighting
 * Level 13.0(11.8) Long Blades
 - Level 5.0(4.0) Throwing
 * Level 6.4(5.4) Armour
 + Level 3.4(2.5) Dodging
 - Level 1.0(0.1) Stealth
 - Level 4.0(3.0) Shields


You had 9 spell levels left.
You didn't know any spells.
Your spell library contained the following spells:

 Spells                   Type           Power        Failure   Level
 Corona                   Hex            #......      85%         1
 Slow                     Hex            #.......     94%         2
 Inner Flame              Hex/Fire       #.......     99%         3
 Portal Projectile        Hex/Tloc       #.....       99%         3
 Cause Fear               Hex            #.........   100%        4
 Leda's Liquefaction      Hex/Erth       #.........   100%        4


Dungeon Overview and Level Annotations

Branches:
Dungeon (10/15)            Temple (0/1) D:7
   Lair: D:8-11         Orc: D:9-12

Altars:
Ashenzari
Fedhas
Makhleb
Ru
Vehumet
Zin

Shops:
D:8 :

Annotations:
D:10 Josephine, Psyche


Innate Abilities, Weirdness & Mutations

You reflexively headbutt those who attack you in melee.
You have a pair of horns on your head.


Message History

Psyche shouts!
Psyche casts a spell at you. The puff of flame hits you.
* * * LOW HITPOINT WARNING * * *
Psyche casts a spell at you. The puff of flame hits you.
* * * LOW HITPOINT WARNING * * *
Psyche points at you and mumbles some strange words.
The puff of frost hits you but does no damage.
Psyche gestures at you while chanting. The puff of frost hits you!
* * * LOW HITPOINT WARNING * * *
Psyche gestures at you while chanting.
The puff of frost hits you but does no damage.
Psyche mumbles some strange words.
Psyche seems to speed up.
Psyche laughs secretively.
You see here a scroll of fear.
Psyche points at you and mumbles some strange words.
The puff of flame misses you.
You feel yourself speed up. Psyche hits you but does no damage.
Space bends around you.
* * * LOW HITPOINT WARNING * * *
Psyche casts a spell at you. The puff of frost hits you!
* * * LOW HITPOINT WARNING * * *
Found an escape hatch in the floor.
Found a scroll labeled BESMEP EHEOCW.
Psyche completely misses you.
You riposte.
Your chain mail prevents you from hitting Psyche.
A gnoll comes into view. It is wielding a +0 club.
The gnoll shouts!
You hear a shout!
A gnoll comes into view. It is wielding a +0 halberd.
The gnoll shouts!
Psyche casts a spell at you. The puff of frost hits you.
* * * LOW HITPOINT WARNING * * *
The gnoll throws a throwing net.
The throwing net barely misses you.
A gnoll and a gnoll sergeant come into view.
The gnoll sergeant shouts!
The gnoll shouts!
A gnoll comes into view. It is wielding a +0 club.
The gnoll shouts!
A bullfrog comes into view.
Psyche laughs secretively.
There is an escape hatch in the floor here.
Really go through this one-way escape hatch?
The bullfrog gives a loud, deep croak!
Psyche hits you but does no damage. Space warps horribly around you!
You die...

..F...... ....
...g....##...
...g........
..gg.......
....g.....# .
..........## ... #.##
...........##.# ...
...
.......@..##..###..
.. .
...#...@......##....
#. .
##.?..(#.........###.
[
#.##.##.............
.### ...
##.......)..###..
.#.# .....
#.......#...##...
...### ##'#
###.#...#........
...#.## ..
#.#..........#.
......#
#.........#####


You could see Psyche (fast), a gnoll sergeant, a bullfrog and 4 gnolls.

Vanquished Creatures
  Pikel (D:6)
  A troll (D:9)
  A hornet (D:8)
  Sigmund (D:5)
  A wyvern (D:8)
  A yak (D:7)
  A human (D:7)
  3 hogs (D:7)
  A water moccasin (D:8)
  A black bear (D:9)
  An orc warrior (D:7)
  3 ice beasts
  A phantom (D:6)
  2 ogres
  3 centaurs
  3 bullfrogs
  2 big kobolds
  A wyvern zombie (D:8)
  A scorpion (D:6)
  4 killer bees (D:8)
  7 wights
  A crimson imp (D:8)
  2 bullfrog skeletons (D:5)
  2 jellies
  5 orc priests
  6 orc wizards
  Jessica (D:2)
  8 worker ants
  3 iguanas (D:8)
  3 hound skeletons
  A worker ant zombie (D:8)
  4 gnolls (D:5)
  4 adders
  A shadow imp (D:5)
  2 white imps
  An ooze (D:6)
  3 adder skeletons
  4 worms
  3 dart slugs
  9 leopard geckos
  28 orcs
  6 giant cockroaches
  11 goblins
  13 hobgoblins
  4 quokkas
  2 ball pythons
  6 bats
  4 frilled lizards
  23 kobolds
  10 rats
210 creatures vanquished.

Notes
Turn   | Place    | Note
-------+----------+-------------------------------------------
     0 | D:1      | Space443 the Minotaur Berserker began the quest for the
                  | Orb.
     0 | D:1      | Reached XP level 1. HP: 19/19 MP: 0/0
   154 | D:1      | Reached skill level 4 in Long Blades
   154 | D:1      | Reached XP level 2. HP: 24/27 MP: 1/1
   705 | D:1      | Reached XP level 3. HP: 20/33 MP: 2/2
   956 | D:1      | Reached ** piety under Trog
  1366 | D:2      | Noticed Jessica
  1372 | D:2      | Killed Jessica
  1372 | D:2      | Reached skill level 5 in Long Blades
  1372 | D:2      | Reached XP level 4. HP: 41/41 MP: 3/3
  2719 | D:3      | Reached *** piety under Trog
  2719 | D:3      | Reached skill level 6 in Long Blades
  2719 | D:3      | Reached XP level 5. HP: 32/47 MP: 4/4
  3093 | D:4      | Reached skill level 1 in Throwing
  3770 | D:4      | Reached skill level 1 in Stealth
  3770 | D:4      | Reached XP level 6. HP: 36/55 MP: 5/5
  4283 | D:5      | Entered Level 5 of the Dungeon
  4338 | D:5      | Reached skill level 7 in Long Blades
  4344 | D:5      | Reached skill level 5 in Fighting
  4714 | D:5      | Reached skill level 8 in Long Blades
  4714 | D:5      | Reached XP level 7. HP: 60/61 MP: 6/6
  4758 | D:5      | Found a glowing silver altar of Zin.
  4767 | D:5      | Reached **** piety under Trog
  5025 | D:5      | Noticed Sigmund
  5113 | D:5      | Killed Sigmund
  5227 | D:6      | Reached skill level 9 in Long Blades
  5247 | D:6      | Reached XP level 8. HP: 70/70 MP: 7/7
  5315 | D:6      | Noticed Pikel
  5323 | D:6      | Killed Pikel
  5323 | D:6      | Reached skill level 10 in Long Blades
  6102 | D:7      | Found a shattered altar of Ashenzari.
  6246 | D:7      | Found a staircase to the Ecumenical Temple.
  6587 | D:7      | Reached skill level 11 in Long Blades
  6587 | D:7      | Reached XP level 9. HP: 79/79 MP: 8/8
  6756 | D:7      | Found a sacrificial altar of Ru.
  6917 | D:8      | Found Evaes's Book Emporium.
  7245 | D:8      | Reached skill level 12 in Long Blades
  7245 | D:8      | Reached skill level 5 in Throwing
  7401 | D:8      | Paralysed by a hornet for 1 turns
  7417 | D:8      | Found a blossoming altar of Fedhas.
  7705 | D:8      | Reached skill level 5 in Armour
  7859 | D:8      | Reached ***** piety under Trog
  7865 | D:8      | Reached XP level 10. HP: 66/90 MP: 9/9
  8343 | D:8      | Found a burning altar of Makhleb.
  8344 | D:8      | Found a radiant altar of Vehumet.
  9525 | D:9      | Reached skill level 13 in Long Blades
  9883 | D:10     | Entered Level 10 of the Dungeon
  9910 | D:10     | Noticed Psyche
  9914 | D:10     | Cast into level 2 of the Abyss (Psyche)
  9979 | Abyss:2  | Noticed a spatial maelstrom
  9988 | Abyss:2  | Noticed a tentacled starspawn
 10062 | Abyss:3  | Noticed a thrashing horror
 10062 | Abyss:3  | Noticed a thrashing horror
 10072 | Abyss:3  | Noticed a large abomination
 10077 | D:10     | Escaped the Abyss
 10121 | D:10     | Noticed Josephine
 10124 | D:10     | HP: 3/90 [wyvern (12)]
 10197 | D:10     | HP: 2/90 [Psyche/puff of frost (7)]
 10200 | D:10     | Demolished by Psyche

Illustrated notes

Levels and vault maps discovered:
D:1:      grunt_arrival_lava_bath, layout_basic, minivault_11, hex_medium
D:2:      layout_basic, uniq_jessica
D:3:      layout_basic
D:4:      layout_loops_corners
D:5:      layout_gridville, nicolae_overflow_crystal_walls, first_ration,
          st_stairs_3, uniq_sigmund
D:6:      layout_basic, uniq_pikel
D:7:      layout_basic, marbit_many_paths, minmay_temple_entry_grid,
          grunt_livestock, grunt_ministairs_8, evilmike_ruin_ashenzari
D:8:      layout_loops_ring, grunt_temple_overflow_lords_of_destruction,
          fedhas_bush_and_centaur_altar, serial_shops, shop
D:9:      layout_layer_cave, lightli_corner_chamber
D:10:     layout_cave_pools, lair_entry_dummy, minmay_librarian, uniq_psyche,
          uniq_josephine

Skill      XL: |  1  2  3  4  5  6  7  8  9 10 |
---------------+-------------------------------+-----
Long Blades    | 4 5 6 8 9 11 12 13 | 13.0
Fighting       | 4 5 6 7 8 |  8.4
Throwing       | 1 2 3 4 5 |  5.0
Stealth        | 1 |  1.0
Shields        | 4 |  4.0
Armour         | 5 6 |  6.4
Dodging        | 3 |  3.4

Action                   |  1- 3 |  4- 6 |  7- 9 | 10-12 || total
-------------------------+-------+-------+-------+-------++-------
Melee: Falchion          |    53 |   141 |    72 |       ||   266
       Headbutt          |     8 |    40 |    47 |    23 ||   118
       Long sword        |       |       |    97 |       ||    97
       Scimitar          |       |       |    42 |    75 ||   117
       Great sword       |       |       |       |     7 ||     7
Throw: Boomerang         |       |     1 |       |       ||     1
       Dart              |       |       |     3 |       ||     3
Invok: Berserk           |       |     2 |     4 |       ||     6
       Trog's Hand       |       |       |     2 |       ||     2
  Use: Scroll            |       |     8 |     9 |     3 ||    20
       Potion            |       |       |       |     7 ||     7
 Stab: Sleeping          |     1 |     3 |     3 |       ||     7
       Distracted        |       |       |     1 |       ||     1
  Eat: Ration            |     1 |     3 |     2 |     2 ||     8
Armor: Animal skin       |    10 |    18 |       |       ||    28
       Ring mail         |       |    16 |    35 |       ||    51
       Leather armour    |       |     1 |       |       ||     1
       Chain mail        |       |       |    32 |    59 ||    91
Dodge: Dodged            |    30 |    80 |    93 |    59 ||   262
Block: Buckler           |       |       |    18 |    11 ||    29
       Rpst.: Falchion   |     8 |    17 |    10 |       ||    35
       Long sword        |       |       |     9 |       ||     9
       Scimitar          |       |       |     3 |    12 ||    15

Table legend:
 A = Non-vault XP
 B = Vault XP
 C = Vault XP percentage of total XP
 D = Non-vault monster count
 E = Vault monster count
 F = Vault count percentage of total count
                 A         B        C        D         E       F
            +---------+---------+-------+---------+---------+-------
      Total |    4686 |    2347 |  33.4 |     195 |      15 |   7.1
            +---------+---------+-------+---------+---------+-------
        D:1 |      54 |       0 |   0.0 |      29 |       0 |   0.0
        D:2 |      35 |      37 |  51.4 |      17 |       1 |   5.6
        D:3 |      83 |       0 |   0.0 |      23 |       0 |   0.0
        D:4 |     204 |       0 |   0.0 |      17 |       0 |   0.0
        D:5 |     481 |     378 |  44.0 |      27 |       3 |  10.0
        D:6 |     568 |     651 |  53.4 |      16 |       1 |   5.9
        D:7 |     279 |    1120 |  80.1 |       8 |       8 |  50.0
        D:8 |    2125 |     161 |   7.0 |      38 |       2 |   5.0
        D:9 |     761 |       0 |   0.0 |      17 |       0 |   0.0
       D:10 |      96 |       0 |   0.0 |       3 |       0 |   0.0
            +---------+---------+-------+---------+---------+-------
